[Event "*** Qualifier 2: Titled Tuesday 3|2 Blitz"]
[Site "Chess.com"]
[Date "2017.04.11"]
[Round "4"]
[White "Noukii"]
[Black "EvgenyT"]
[Result "0-1"]
[WhiteElo "2622"]
[BlackElo "2523"]
[TimeControl "180+2"]
[EndTime "13:53:04 PDT"]
[Termination "EvgenyT won by checkmate"]

1. d4 Nf6 2. c4 e6 3. Nc3 Bb4 4. Nf3 d5 5. cxd5 exd5 6. Bg5 h6 7.
Bxf6 Qxf6 8. Qa4+ Nc6 9. e3 O-O 10. Be2 Be6 11. O-O a6 12. Rfc1 Bd6 13. Qd1 Ne7 14.
a3 Rad8 15. b4 g5 16. b5 a5 17. Na4 b6 18. Nb2 Ng6 19. g3 g4 20. Ne1 h5 21.
Ng2 Kg7 22. Nd3 Rh8 23. Ndf4 Nxf4 24. Nxf4 Bxf4 25. exf4 Rh6 26. Rc6 Rdh8 27. h4 gxh3 28. Kh2 h4 29. Qd3 hxg3+ 30. fxg3 Re8 31. Bf3 Bf5 32. Qd2 Re6 33. Rac1 Qe7 34. Rxc7 Qxa3 35. Bxd5 Re7 36. Rxe7 Qxe7 37. Re1 Qd6 38. Re5 Be6 39.
Bxe6 Rxe6 40. Kxh3 Rxe5 41. fxe5 Qe6+ 42. Kg2 Kf8 43.
Qc3 Qd5+ 44. Kf2 Qxb5 45. Qc8+ Ke7 46. Qc7+ Ke8 47. Qc8+ Ke7 48. Qc7+ Ke8 49. Qd6 Qb2+ 50. Kf3 a4 51. Qc6+ Ke7 52. Qc7+ Kf8 53. Qd8+ Kg7 54.
Qf6+ Kg8 55. Qd8+ Kg7 56. Qg5+ Kf8 57. Qh6+ Kg8 58. Qg5+ Kf8 59. Qd8+ Kg7 60. Qf6+ Kg8 61. d5 Qb3+ 62. Kg4 Qxd5 63. Qg5+ Kf8 64. Qh6+ Ke8 65. Qh8+ Kd7 66. Qb8 b5 67. Kf5 Qe6+ 68. Ke4 Qc4+ 69.
Kf5 Qd3+ 70. Kf6 Qg6# 0-1

[Event "*** Qualifier 2: Titled Tuesday 3|2 Blitz"]
[Site "Chess.com"]
[Date "2017.04.11"]
[Round "4"]
[White "tigra"]
[Black "Spartakus1975"]
[Result "1-0"]
[WhiteElo "2614"]
[BlackElo "2532"]
[TimeControl "180+2"]
[EndTime "13:53:22 PDT"]
[Termination "tigra won on time"]

1. e4 e6 2. d4 d5 3. Nc3 dxe4 4.
Nxe4 Nd7 5. Nf3 Ngf6 6. Bg5 h6 7.
Nxf6+ Nxf6 8. Bh4 c5 9. Bb5+ Bd7 10. Bxd7+ Qxd7 11. Bxf6 gxf6 12. Qe2 cxd4 13. O-O-O Bc5 14. Nxd4 Bxd4 15. c3 Qc6 16. Rxd4 Rd8 17. Rhd1 Rxd4 18. Rxd4 Qxg2 19. Qb5+ Qc6 20. Qxc6+ bxc6 21. Ra4 Rg8 22.
Rxa7 Rg2 23. a4 Rxf2 24. h3 Rh2 25. a5 Rxh3 26. b4 Rxc3+ 27. Kb2 Rc4 28. Kb3 Rc1 29. Kb2 Rc4 30. Rb7 Kd8 31. a6 Kc8 32. Rb6 Kc7 33. a7 Kxb6 34. a8=Q Rxb4+ 35. Kc3 Rb5 36. Qd8+ Kb7 37.
Qd7+ Kb6 38. Qxf7 Rc5+ 39. Kb3 Rb5+ 40. Kc3 Rc5+ 41. Kd3 Rd5+ 42. Ke3 Re5+ 43. Kf3 f5 44. Qf6 Re4 45. Qxh6 c5 46. Qd2 c4 47. Qb4+ Kc6 48.
Kf2 Kd5 49. Kf3 Kd4 50. Qd6+ Kc3 51. Qc5 Kd3 52. Qd6+ Kc2 53. Qa3 c3 54. Qa1 Kb3 55. Qb1+ Kc4 56. Qc2 Kd4 57. Qd1+ Kc4 58. Qa4+ Kd3 59.
Qd1+ Kc4 60. Qc2 Kd4 61. Kf2 Kc4 62. Kg2 Rd4 63. Kg3 Rd2 64. Qa4+ Kd3 65. Qa6+ Kd4 66. Qd6+ Kc4 67. Qxe6+ Kb4 68. Qe3 Kb3 69. Kf4 Kb2 70. Qe5 Kb3 71. Qb5+ Ka2 72. Qa4+ Kb2 73. Qb4+ Kc2 74.
Qc4 Kb2 75. Qb4+ Kc2 76. Kxf5 Rf2+ 77. Ke4 Rg2 78. Qa4+ Kb2 79. Qb5+ Kc2 80. Kf3 Rd2 81. Ke3 Kc1 82. Qb4 Kc2 83. Qa3 Rd3+ 84. Ke4 Rd2 85. Qb4 Re2+ 86. Kd4 Rd2+ 87. Kc4 Rd3 88. Qc5 Rf3 89.
Qd4 Kb2 90. Qe5 1-0

[Event "*** Qualifier 2: Titled Tuesday 3|2 Blitz"]
[Site "Chess.com"]
[Date "2017.04.11"]
[Round "4"]
[White "Marcus_Harvey"]
[Black "Alexander_Moskalenko"]
[Result "1-0"]
[WhiteElo "2512"]
[BlackElo "2643"]
[TimeControl "180+2"]
[EndTime "13:53:50 PDT"]
[Termination "Marcus_Harvey won on time"]

1. Nf3 d5 2. b3 Nf6 3. Bb2 e6 4. e3 Be7 5. Be2 O-O 6. O-O b6 7.
c4 Bb7 8. Nc3 c5 9. cxd5 Nxd5 10. d4 Nxc3 11. Bxc3 Bf6 12. Rc1 Nd7 13. dxc5 Nxc5 14. Qxd8 Rfxd8 15. Bxf6 gxf6 16. Rfd1 a5 17. Kf1 Rxd1+ 18. Rxd1 Bd5 19. Nd4 a4 20. b4 Ne4 21.
a3 Nc3 22. Rc1 Nxe2 23. Kxe2 f5 24. f3 Kg7 25. Rc7 Kf6 26. Nb5 Rd8 27. Nc3 Bb3 28.
e4 fxe4 29. Nxe4+ Kg6 30. Nd2 h5 31. h4 Kf6 32. Ne4+ Kg6 33. Nd2 Rd4 34. g3 Rd8 35. Ke3 b5 36. Ke2 f5 37. f4 Kf6 38.
Rc5 Rg8 39. Kf2 Rd8 40. Ke2 Rg8 41. Kf2 Rd8 42. Nf3 Bc4 43. Rc7 e5 44. Nxe5 Ke6 45.
Nxc4 bxc4 46. Rxc4 Rd3 47. Rc5 Rxa3 48. Re5+ Kf6 49.
Ra5 Ke6 50. Re5+ Kf6 51. Rb5 Ra2+ 52. Ke3 Ra3+ 53. Kd4 Rxg3 54. Rb6+ Ke7 55. Ke5 Rh3 56. Rb7+ Kd8 57. Kxf5 Rxh4 58. Ra7 Rh1 59. Rxa4 Rb1 60.
Kf6 h4 61. f5 h3 62. Ra8+ Kd7 63. Ra7+ Kd6 64. Rh7 Rb3 65. Rh4 Kd5 66. b5 Kd6 67. Kf7 Ke5 68. f6 Rxb5 69. Rh5+ Kf4 70. Rxb5 Kg4 71.
Rb1 h2 72. Kg6 h1=Q 73. Rxh1 Kg3 74. f7 Kg2 75. f8=Q 1-0

[Event "*** Qualifier 2: Titled Tuesday 3|2 Blitz"]
[Site "Chess.com"]
[Date "2017.04.11"]
[Round "4"]
[White "bilelou"]
[Black "MasterLeif"]
[Result "1-0"]
[WhiteElo "2341"]
[BlackElo "2304"]
[TimeControl "180+2"]
[EndTime "13:53:56 PDT"]
[Termination "bilelou won by checkmate"]

1. e4 c5 2. Nf3 a6 3. Be2 e6 4.
O-O Nc6 5. d4 cxd4 6. Nxd4 Qc7 7. c4 Nf6 8. Nc3 Be7 9. Kh1 h5 10. f4 Ng4 11. e5 Nxd4 12. Qxd4 Bc5 13. Qd3 Nf2+ 14. Rxf2 Bxf2 15. Ne4 Bc5 16. Be3 Bxe3 17. Nd6+ Kf8 18. Qxe3 b6 19. f5 Bb7 20. fxe6 dxe6 21. Rf1 f5 22. exf6 g6 23. Qxe6 Rd8 24. Nxb7 Qxb7 25.
Bf3 Qd7 26. Qxb6 Qd6 27. Qxd6+ Rxd6 28. Bd5 Rxd5 29. cxd5 Kf7 30. h3 Rd8 31. Rc1 Rxd5 32. Rc7+ Kxf6 33. Rc6+ Kg5 34. Rxa6 Rd2 35. b3 Rb2 36.
Kh2 h4 37. Ra5+ Kf4 38. Ra4+ Kg5 39. Rg4+ Kh5 40. Ra4 Kg5 41. b4 Kf4 42. a3 Ke3 43. Ra6 g5 44. Re6+ Kf4 45. Re1 g4 46. hxg4 Kxg4 47.
Re3 Ra2 48. Rb3 Kf5 49. b5 Rc2 50. b6 Rc8 51. b7 Rb8 52. a4 Ke6 53. a5 h3 54. g3 Kd6 55. Rb1 Kc6 56. Rb2 Rxb7 57. Rxb7 Kxb7 58. g4 Ka6 59. g5 Kxa5 60. g6 Kb6 61. g7 Kc6 62. g8=R Kc5 63. Rg1 Kd4 64. Rh1 Ke5 65. Kg3 h2 66. Kf3 Kf5 67. Kg2 Ke5 68.
Kg3 Kd5 69. Kh4 Ke5 70. Kg5 Kd5 71. Kg6 Kd6 72. Kf7 Kd5 73. Ke8 Kd6 74. Kd8 Ke6 75. Kc8 Kd6 76. Kb8 Kc6 77. Ka7 Kb5 78.
Kb7 Kc5 79. Kc7 Kb5 80. Rb1+ Kc5 81. Rh1 Kd5 82. Rd1+ Kc5 83. Rh1 Kd5 84. Rxh2 Ke5 85.
Kc6 Kd4 86. Kd6 Ke4 87. Rh5 Kf4 88. Re5 Kf3 89. Kd5 Kf4 90. Kd4 Kf3 91. Rf5+ Kg3 92. Ke4 Kg4 93. Rf1 Kg5 94. Ke5 Kg6 95.
Rg1+ Kf7 96. Rg5 Kf8 97. Ke6 Ke8 98. Rg8# 1-0

[Event "*** Qualifier 2: Titled Tuesday 3|2 Blitz"]
[Site "Chess.com"]
[Date "2017.04.11"]
[Round "4"]
[White "TheLancer"]
[Black "dhanushbharadwaj"]
[Result "0-1"]
[WhiteElo "2458"]
[BlackElo "2327"]
[TimeControl "180+2"]
[EndTime "13:54:37 PDT"]
[Termination "dhanushbharadwaj won by resignation"]

1. e4 c5 2. Nc3 Nc6 3. f4 g6 4.
Nf3 Bg7 5. Bc4 e6 6. f5 Nge7 7. fxe6 dxe6 8. d3 O-O 9. O-O a6 10. a4 Bd7 11. Qe1 Nd4 12. Nxd4 cxd4 13. Ne2 b5 14.
axb5 axb5 15. Rxa8 Qxa8 16. Bb3 Nc6 17. Bd2 Qb7 18. Qh4 Qb6 19. Rf3 Qd8 20. Bg5 Qa5 21.
Rf1 Qb6 22. Bd2 Na5 23. Bb4 Rc8 24. Qe7 Be8 25. Bxe6 Qxe6 26. Qxe6 fxe6 27. Bxa5 Rxc2 28.
Nf4 Bf7 29. b4 Bh6 30. e5 Rd2 31. Bb6 Rb2 32. Bc5 Rb3 33. h4 Bxf4 34. Rxf4 Rxd3 35. Bxd4 Rb3 36. Bc5 Kg7 37. Be7 Be8 38. Bf8+ Kg8 39. Bh6 Bf7 40. Rd4 Be8 41. Rf4 Bf7 42. Kh2 Rc3 43. Rd4 Be8 44. Rd8 Kf7 45. Rb8 Rd3 46.
Rb7+ Bd7 47. Bg5 Rd5 48. Bf6 h6 49. Rb8 Be8 50. Rb7+ Bd7 51. Kg3 Rd3+ 52. Kf2 Rd5 53. Ke3 Rd1 54. Rb8 Be8 55. g4 Rd5 56. Rc8 Rd1 57. Rc2 Rd5 58. Rf2 Kg8 59. Be7 Bf7 60.
Bd6 Kg7 61. Rc2 g5 62. h5 Rd1 63. Rc8 Re1+ 64. Kf2 Re4 65. Bf8+ Kh7 66. Kg3 Re3+ 67. Kh2 Re4 68. Rc7 Rf4 69. Bc5 Kg8 70. Rb7 Be8 71.
Re7 Bf7 72. Kg3 Rf1 73. Rb7 Be8 74. Rb6 Kf7 75. Rb7+ Kg8 76. Be7 Rf4 77. Bf6 Rxb4 78. Rg7+ Kf8 79. Rh7 Rb3+ 80. Kf2 Bf7 81. Rxh6 Bg8 82. Rg6 b4 83. Rxg5 Rb2+ 84. Ke3 b3 85. Kd3 Rg2 86. Be7+ Kf7 87. Ba3 b2 88. Bxb2 Rxb2 89. h6 Bh7+ 90. Kd4 Bg6 91. h7 Rh2 92. Ke3 Rxh7 93. Kf4 Rh1 94. Kg3 Ra1 95. Kh4 Kg7 96. Kg3 Kh6 0-1

[Event "*** Qualifier 2: Titled Tuesday 3|2 Blitz"]
[Site "Chess.com"]
[Date "2017.04.11"]
[Round "4"]
[White "RitvarsReimanis"]
[Black "penguingm1"]
[Result "1/2-1/2"]
[WhiteElo "2419"]
[BlackElo "2578"]
[TimeControl "180+2"]
[EndTime "13:56:59 PDT"]
[Termination "Game drawn by repetition"]

1. d4 d5 2. c4 e6 3. Nc3 Be7 4. Nf3 Nf6 5. Bg5 h6 6. Bh4 O-O 7. cxd5 Nxd5 8. Bxe7 Qxe7 9. e3 Nxc3 10. bxc3 c5 11. Be2 Nc6 12. O-O b6 13. Nd2 Bb7 14. Bf3 Rac8 15. Re1 Rfd8 16. Qa4 Na5 17. Bxb7 Qxb7 18. Nb3 Nxb3 19. axb3 cxd4 20. cxd4 Rc7 21. Rec1 Rdc8 22. Rxc7 Rxc7 23. b4 b5 24. Qa5 a6 25.
h3 Rc6 26. Qa2 Qe7 27. d5 exd5 28. Qxd5 Rd6 29. Qa8+ Rd8 30. Qxa6 Qxb4 31. Qa5 Rd1+ 32. Kh2 Qd6+ 33. f4 Rxa1 34. Qxa1 b4 35. Qa8+ Kh7 36. Qb7 Kg6 37. Kg3 Qc5 38. Kf3 Qc4 39. g4 b3 40.
Kg3 Qc2 41. f5+ Kh7 42. Qxf7 Qc6 43. Qxb3 Qd6+ 44. Kf3 Qh2 45. Qc4 Qxh3+ 46. Ke2 Qg2+ 47. Kd3 Qf1+ 48. Kd4 Qf3 49. Kd3 Qf1+ 50. Kc3 Qe1+ 51. Kd3 Qf1+ 52. Kc3 Qf3 53. Qd4 Qe2 54. Qe4 Qe1+ 55.
Kc2 Qe2+ 56. Kc3 Qe1+ 57. Kd4 Qb4+ 58. Ke5 Qe7+ 59. Kd5 Qb7+ 60. Ke5 Qe7+ 61. Kf4 Qd6+ 62. Kf3 Qf6 63. Qd3 Kh8 64. Qd4 Qc6+ 65. Qe4 Qd6 66. Qe8+ Kh7 67. Qa4 Qd5+ 68. Kg3 Qd6+ 69. Qf4 Qc6 70.
Qf3 Qd6+ 71. Qf4 Qc6 72. e4 Qc3+ 73. Qf3 Qe5+ 74. Kh3 Qa1 75. Kg3 Qe5+ 76. Kh3 Qa1 77. Qe2 Qh1+ 78. Kg3 Qg1+ 79. Kf4 Qd4 80. Qe3 Qb4 81. Kf3 Qb7 82. Qd3 Qc7 83. Qe3 Qe5 84. Qf4 Qc3+ 85. Qe3 Qe5 86. Kg2 Kh8 87. Qf3 Qb2+ 88.
Kh3 Qe5 89. Qe2 Kh7 90. Qe3 Kh8 91. Kg2 Kh7 92. Kf3 Kh8 93. Qf4 Qc3+ 94. Kf2 Qc2+ 95. Kg3 Qd3+ 96. Qf3 Qd6+ 97. Qf4 Qd3+ 98. Kf2 Qc2+ 99.
Kf3 Qd3+ 100. Qe3 Qd1+ 101. Kg3 h5 102. gxh5 Qxh5 103. Qf4 Qe2 104. Qf3 Qe1+ 105. Kh3 Kg8 106. Kg4 Qg1+ 107. Kf4 Qh2+ 108. Qg3 Qd2+ 109. Kg4 Qd1+ 110. Qf3 Qg1+ 111. Kh3 Qd4 112. Qf4 Qd3+ 113. Kh4 Qd8+ 114. Kg3 Qd3+ 115. Kg4 Qd1+ 116. Kh4 Qh1+ 117. Kg3 Qg1+ 118. Kf3 Qf1+ 119. Kg4 Qg2+ 120. Kh4 Qh1+ 121. Kg5 Qg2+ 122. Qg4 Qd2+ 123. Qf4 Qg2+ 124. Kh4 Qh1+ 125. Kg3 Qg1+ 126. Kf3 Qf1+ 127. Ke3 Qc1+ 128. Kf3 Qf1+ 1/2-1/2

[Event "*** Qualifier 2: Titled Tuesday 3|2 Blitz"]
[Site "Chess.com"]
[Date "2017.04.11"]
[Round "5"]
[White "Saitama_Hero"]
[Black "hermionegrangermagic"]
[Result "1-0"]
[WhiteElo "2182"]
[BlackElo "2285"]
[TimeControl "180+2"]
[EndTime "14:02:22 PDT"]
[Termination "Saitama_Hero won by resignation"]

1. b3 e5 2. Bb2 Nc6 3. Nf3 d6 4. d4 e4 5. d5 exf3 6. dxc6 bxc6 7.
exf3 Nf6 8. Bd3 d5 9. O-O Bd6 10. Re1+ Be6 11. Nd2 O-O 12. g3 h5 13. f4 Qd7 14.
Bxf6 gxf6 15. Qxh5 f5 16. Nf3 f6 17. Qg6+ Kh8 18. Nh4 Bxf4 19. Qh5+ Qh7 20. Ng6+ Kg7 21. Qxh7+ Kxh7 22. Nxf8+ Rxf8 23. Rxe6 Be5 24. Bxf5+ Kh6 25. Re1 c5 26. R1xe5 Kg5 27. Rxd5 c6 28. Rxc5 a5 29. h4+ Kh6 30. Rcxc6 Rd8 31. Rxf6+ Kg7 32. Rg6+ Kf7 33. Rc7+ Kf8 34. Be6 1-0

[Event "*** Qualifier 2: Titled Tuesday 3|2 Blitz"]
[Site "Chess.com"]
[Date "2017.04.11"]
[Round "5"]
[White "DagurR"]
[Black "MyleneFarmer"]
[Result "1-0"]
[WhiteElo "2434"]
[BlackElo "2304"]
[TimeControl "180+2"]
[EndTime "14:02:33 PDT"]
[Termination "DagurR won by checkmate"]

1. d4 d5 2. Nf3 g6 3. c4 e6 4.
cxd5 exd5 5. Nc3 c6 6. Bf4 f6 7. e3 Nh6 8. Bd3 Bg7 9. O-O O-O 10. e4 dxe4 11. Nxe4 Nf7 12. Nc3 Bg4 13. Be2 Nd7 14. h3 Bxf3 15. Bxf3 Nb6 16. d5 cxd5 17. Nxd5 Nxd5 18.
Bxd5 Qb6 19. Qb3 Qxb3 20. Bxb3 Kh8 21. Rac1 f5 22. Rc7 Nd8 23. Rd1 Nc6 24. Rdd7 Nd4 25. Rxg7 Ne2+ 26. Kh2 Nxf4 27. Rxh7# 1-0

[Event "*** Qualifier 2: Titled Tuesday 3|2 Blitz"]
[Site "Chess.com"]
[Date "2017.04.11"]
[Round "5"]
[White "prochn"]
[Black "pastouche06"]
[Result "0-1"]
[WhiteElo "2193"]
[BlackElo "2315"]
[TimeControl "180+2"]
[EndTime "14:02:37 PDT"]
[Termination "pastouche06 won by resignation"]

1. d4 Nf6 2. c4 e6 3. Nc3 Bb4 4.
Qc2 O-O 5. a3 Bxc3+ 6. Qxc3 d5 7. Bg5 dxc4 8. Qxc4 b6 9. Nf3 Ba6 10. Qc3 h6 11. Bxf6 Qxf6 12. Qxc7 Rc8 13. Qe5 Qg6 14.
Qe3 Qc2 15. Qd2 Qb3 16. Rc1 Nd7 17. Rc3 Rxc3 18. Qxc3 Qa2 19. e3 Rc8 0-1

[Event "*** Qualifier 2: Titled Tuesday 3|2 Blitz"]
[Site "Chess.com"]
[Date "2017.04.11"]
[Round "5"]
[White "FairChess_on_YouTube"]
[Black "chesstatour"]
[Result "1-0"]
[WhiteElo "2692"]
[BlackElo "1949"]
[TimeControl "180+2"]
[EndTime "14:02:39 PDT"]
[Termination "FairChess_on_YouTube won on time"]

1. Nf3 g6 2. d4 Bg7 3. e4 d6 4. Bc4 Nf6 5. Qe2 O-O 6. e5 dxe5 7.
dxe5 Nd5 8. O-O c6 9. Rd1 Be6 10. Bb3 Qc7 11. Nc3 Nxc3 12. bxc3 Bxb3 13. axb3 e6 14.
Ba3 Re8 15. Bd6 Qc8 16. Ng5 h6 17. Ne4 Nd7 18. f4 f5 19. exf6 Nxf6 20. Be5 Nxe4 21. Qxe4 Kh7 22. Rd6 Re7 23. Rad1 Qe8 24. Bxg7 Kxg7 25.
Qd4+ Kf7 26. g4 Rc8 27. g5 1-0

[Event "*** Qualifier 2: Titled Tuesday 3|2 Blitz"]
[Site "Chess.com"]
[Date "2017.04.11"]
[Round "5"]
[White "Hikaru"]
[Black "GMHess"]
[Result "1-0"]
[WhiteElo "2918"]
[BlackElo "2624"]
[TimeControl "180+2"]
[EndTime "14:02:46 PDT"]
[Termination "Hikaru won by resignation"]

1. d4 Nf6 2. c4 e6 3. Nc3 d5 4. cxd5 exd5 5. Bg5 c6 6. e3 Be7 7. Bd3 Nbd7 8. Nge2 Nf8 9. Bh4 Ng6 10.
Bg3 Bd6 11. Qc2 O-O 12. O-O-O Re8 13. h4 Bg4 14. Bxd6 Qxd6 15. f3 Bd7 16. h5 Nf8 17. Qd2 Qe7 18. e4 dxe4 19. fxe4 Rad8 20. h6 g6 21. e5 Ng4 22. Rdf1 c5 23. Nd5 Qe6 24.
Bc4 Qc6 25. Rxf7 cxd4 26. Ne7+ Rxe7 27. Rg7+ 1-0

[Event "*** Qualifier 2: Titled Tuesday 3|2 Blitz"]
[Site "Chess.com"]
[Date "2017.04.11"]
[Round "5"]
[White "oskariot"]
[Black "GMMarcinDziuba"]
[Result "0-1"]
[WhiteElo "2403"]
[BlackElo "2538"]
[TimeControl "180+2"]
[EndTime "14:03:10 PDT"]
[Termination "GMMarcinDziuba won by resignation"]

1. c4 e6 2. g3 d5 3. Bg2 Nf6 4.
Nf3 Be7 5. cxd5 exd5 6. O-O O-O 7. d3 d4 8. Nbd2 c5 9. Nc4 Be6 10. Qb3 Bd5 11. Bf4 b6 12. a4 Nc6 13. Qb5 Nb4 14.
Nfe5 Bxg2 15. Kxg2 Nfd5 16. Bd2 Qc8 17. a5 f6 18. Nf3 a6 19. Nxb6 axb5 0-1

[Event "*** Qualifier 2: Titled Tuesday 3|2 Blitz"]
[Site "Chess.com"]
[Date "2017.04.11"]
[Round "5"]
[White "sergiochess83"]
[Black "johnathan113"]
[Result "1-0"]
[WhiteElo "2602"]
[BlackElo "2427"]
[TimeControl "180+2"]
[EndTime "14:03:13 PDT"]
[Termination "sergiochess83 won by resignation"]

1. e4 c5 2. Nf3 g6 3. d4 cxd4 4.
Qxd4 Nf6 5. Nc3 Nc6 6. Qa4 Ng4 7. h3 Nge5 8. Nxe5 Nxe5 9. Be3 Bg7 10. Bd4 O-O 11. f4 Nc6 12. Bxg7 Kxg7 13. O-O-O d6 14. Bb5 Bd7 15. Bxc6 Bxc6 16. Qd4+ Kg8 17. h4 Qb6 18. Qd2 Qc5 19. h5 b5 20. f5 gxf5 21. Qg5+ Kh8 22. Qxe7 Qe5 23. Qxd6 Qxd6 24.
Rxd6 Bxe4 25. Rf1 Bxg2 26. Rxf5 b4 27. Nd5 Rad8 28. Rxd8 Rxd8 29. Nxb4 Kg7 30. Rg5+ 1-0

[Event "*** Qualifier 2: Titled Tuesday 3|2 Blitz"]
[Site "Chess.com"]
[Date "2017.04.11"]
[Round "5"]
[White "ruvat"]
[Black "FearNoEvil12"]
[Result "1-0"]
[WhiteElo "2211"]
[BlackElo "2078"]
[TimeControl "180+2"]
[EndTime "14:03:13 PDT"]
[Termination "ruvat won by resignation"]

1. d4 b5 2. e4 a6 3. Bd3 Bb7 4.
Nf3 e6 5. O-O Nf6 6. Qe2 d6 7.
c3 Nbd7 8. Nbd2 Rg8 9. Re1 g5 10. Nf1 g4 11. N3d2 h5 12. a4 bxa4 13. Rxa4 h4 14.
Bxa6 Rxa6 15. Rxa6 Bxa6 16. Qxa6 g3 17. hxg3 hxg3 18.
Nxg3 Ng4 19. Nf3 Qf6 20. Qc8+ Ke7 21. Qxc7 Bh6 22. e5 dxe5 23. dxe5 Qg6 24. Qd6+ Ke8 25. Bxh6 Qxh6 26. Ra1 f5 27. Ra8+ Kf7 28. Qxd7+ 1-0

[Event "*** Qualifier 2: Titled Tuesday 3|2 Blitz"]
[Site "Chess.com"]
[Date "2017.04.11"]
[Round "5"]
[White "MattyDPerrine"]
[Black "jlandaw"]
[Result "1-0"]
[WhiteElo "2288"]
[BlackElo "2372"]
[TimeControl "180+2"]
[EndTime "14:03:43 PDT"]
[Termination "MattyDPerrine won by resignation"]

1. Nf3 Nf6 2. g3 g6 3. Bg2 d5 4. O-O Bg7 5. d4 c6 6. c4 O-O 7.
Nbd2 a6 8. b3 dxc4 9. Nxc4 b5 10. Nce5 Bb7 11. Ba3 Qc7 12. Qc2 Rd8 13. Rac1 a5 14.
Rfd1 Nd5 15. e4 Nb4 16. Qe2 Qb6 17. Ng5 f6 18. Bh3 Bc8 19. Bxc8 Rxc8 20. Qg4 f5 21. exf5 Bxe5 22. fxg6 N8a6 23. Qe6+ Kh8 24. Qxe5+ 1-0

[Event "*** Qualifier 2: Titled Tuesday 3|2 Blitz"]
[Site "Chess.com"]
[Date "2017.04.11"]
[Round "5"]
[White "DiogenesSinopeus"]
[Black "rst2003"]
[Result "1-0"]
[WhiteElo "2283"]
[BlackElo "2113"]
[TimeControl "180+2"]
[EndTime "14:03:52 PDT"]
[Termination "DiogenesSinopeus won by checkmate"]

1. d4 Nf6 2. c4 g6 3. Nc3 Bg7 4. e4 d6 5. Nf3 O-O 6. Be2 e5 7. dxe5 dxe5 8. Qxd8 Rxd8 9. Nd5 Nxd5 10. cxd5 c6 11. Bc4 b5 12. Bb3 a5 13. Bg5 Re8 14.
a4 bxa4 15. Bxa4 Bd7 16. d6 Na6 17. Be3 Rab8 18. b3 Bf8 19. Ke2 f6 20. Rhd1 Kf7 21.
Nd2 Be6 22. Nc4 Bxc4+ 23. bxc4 Nb4 24. c5 Red8 25. Bb3+ Kg7 26. Rxa5 f5 27. Ra7+ Kf6 28. Rf7# 1-0

[Event "*** Qualifier 2: Titled Tuesday 3|2 Blitz"]
[Site "Chess.com"]
[Date "2017.04.11"]
[Round "5"]
[White "evgenyermolaev"]
[Black "evgenysharapov"]
[Result "1-0"]
[WhiteElo "2376"]
[BlackElo "2285"]
[TimeControl "180+2"]
[EndTime "14:03:57 PDT"]
[Termination "evgenyermolaev won by checkmate"]

1. e4 c5 2. Nf3 d6 3. d4 cxd4 4.
Nxd4 Nf6 5. Nc3 Nc6 6. Bg5 Qb6 7. Nb3 e6 8. Qd2 Be7 9. O-O-O O-O 10. Be3 Qc7 11. f3 a6 12. g4 b5 13. g5 Nd7 14. h4 Nb6 15. Qf2 Rb8 16. g6 b4 17.
gxh7+ Kh8 18. Ne2 a5 19. Ned4 a4 20. Nxc6 Qxc6 21. Nd4 Qc7 22. Nb5 Qc6 23. Nd4 Qc7 24.
Nb5 Qc6 25. Nd4 Qc7 26. Kb1 Nc4 27. Bxc4 Qxc4 28. b3 Qa6 29. h5 e5 30. h6 g6 31. Nf5 gxf5 32. Qg2 Bf6 33. Rdg1 Kxh7 34. Qg7+ Bxg7 35. hxg7+ Kg8 36. Rh8# 1-0

[Event "*** Qualifier 2: Titled Tuesday 3|2 Blitz"]
[Site "Chess.com"]
[Date "2017.04.11"]
[Round "5"]
[White "Robin-Side"]
[Black "JaimeSantosLatasa"]
[Result "0-1"]
[WhiteElo "2400"]
[BlackElo "2534"]
[TimeControl "180+2"]
[EndTime "14:04:04 PDT"]
[Termination "JaimeSantosLatasa won by resignation"]

1. e4 c5 2. Nf3 d6 3. d4 cxd4 4.
Nxd4 Nf6 5. Nc3 a6 6. Be2 e5 7. Nb3 Be7 8. Be3 Be6 9. O-O O-O 10. Kh1 Nbd7 11. f4 Rc8 12. f5 Bc4 13. Bxc4 Rxc4 14. Qd3 Qc7 15. Nd2 Rc6 16. Rac1 Rc8 17. h3 b5 18. a3 h6 19. Rfe1 Qb8 20. Re2 Bd8 21.
Bg1 Ba5 22. Ndb1 Bb6 23. Bxb6 Nxb6 24. Nd5 Nbxd5 25. exd5 Rc4 26. c3 Rd4 27. Qe3 Rxd5 28.
Rf1 Rdc5 29. Nd2 Qb7 30. Kh2 d5 31. Qxe5 Re8 32. Qxe8+ Nxe8 33. Rxe8+ Kh7 34. Rfe1 d4 35. cxd4 Rc2 36. R1e2 Qd5 37. Nf3 Rxe2 38. Rxe2 Qxf5 39. Rd2 Qd5 40. Re2 f6 41. Rc2 h5 42. Rc5 Qb3 43. Rxh5+ Kg8 44. Rc5 Qxb2 45. Rc8+ Kh7 46. d5 Qxa3 47. Rd8 Qe7 48. Ra8 Qb7 49. Rd8 Qc7+ 0-1

[Event "*** Qualifier 2: Titled Tuesday 3|2 Blitz"]
[Site "Chess.com"]
[Date "2017.04.11"]
[Round "5"]
[White "abubakrtagelsir"]
[Black "nickmatta"]
[Result "1-0"]
[WhiteElo "2150"]
[BlackElo "2280"]
[TimeControl "180+2"]
[EndTime "14:04:05 PDT"]
[Termination "abubakrtagelsir won by checkmate"]

1. e4 c5 2. Nc3 a6 3. f4 b5 4. Nf3 Bb7 5. d4 cxd4 6. Qxd4 e6 7. Bd3 Nc6 8. Qf2 Rc8 9. Be3 Qc7 10. h3 Nb4 11. O-O Nf6 12. Rae1 d5 13. e5 Ne4 14.
Bxe4 dxe4 15. Ng5 Nd5 16. Nxd5 Bxd5 17. f5 h6 18. fxe6 hxg5 19. exf7+ Qxf7 20. Qd2 Qe6 21. Rd1 Bc4 22. Rf2 Be7 23. b3 g4 24. bxc4 gxh3 25. Qd5 Qg4 26. Qf7# 1-0

[Event "*** Qualifier 2: Titled Tuesday 3|2 Blitz"]
[Site "Chess.com"]
[Date "2017.04.11"]
[Round "5"]
[White "Buffy7"]
[Black "ehrenfeld"]
[Result "1-0"]
[WhiteElo "2522"]
[BlackElo "2322"]
[TimeControl "180+2"]
[EndTime "14:04:06 PDT"]
[Termination "Buffy7 won by resignation"]

1. d4 Nf6 2. c4 e6 3. Nf3 Bb4+ 4.
Nbd2 d6 5. Qc2 Nbd7 6. g3 O-O 7.
Bg2 e5 8. a3 Bxd2+ 9. Bxd2 Re8 10. dxe5 dxe5 11. Bc3 a5 12. b3 Qe7 13. O-O e4 14. Nd4 Nf8 15. b4 axb4 16. axb4 Rxa1 17. Rxa1 c5 18. bxc5 Qxc5 19. Qa4 h5 20. Nb3 Qc6 21. Qxc6 bxc6 22. Bxf6 gxf6 23. Ra8 f5 24. Bh3 Bd7 25.
Rxe8 Bxe8 26. Bxf5 e3 27. f4 Kg7 28. Kg2 Kf6 29. Be4 Bd7 30. Kf3 Bg4+ 31. Kxe3 Nd7 32. Bxc6 Nf8 33. Nd4 1-0

[Event "*** Qualifier 2: Titled Tuesday 3|2 Blitz"]
[Site "Chess.com"]
[Date "2017.04.11"]
[Round "5"]
[White "Goala"]
[Black "justantan"]
[Result "0-1"]
[WhiteElo "2318"]
[BlackElo "2255"]
[TimeControl "180+2"]
[EndTime "14:04:06 PDT"]
[Termination "justantan won by checkmate"]

1. d4 Nf6 2. c4 e6 3. Nf3 d5 4. e3 Be7 5. Qc2 O-O 6. b3 b6 7.
Bd3 c5 8. Nc3 Nc6 9. a3 dxc4 10.
bxc4 cxd4 11. exd4 Nxd4 12. Nxd4 Qxd4 13. Bb2 Qg4 14.
O-O Bb7 15. f3 Qh5 16. Rad1 Rfd8 17. Rfe1 Rac8 18. Qe2 Bd6 19. h3 Qh4 20. Nb5 Bc5+ 21. Kh1 Nh5 22. Be5 a6 23. Nc3 Bd4 24. Nb1 Rc5 25.
Bh2 Bf2 26. Rf1 Bg3 27. Nc3 Bxh2 28. Kxh2 Qg3+ 29. Kg1 Nf4 30. Bxh7+ Kxh7 31. Qc2+ g6 32. Rxd8 Nxh3+ 33. Kh1 Rh5 34. Ne4 Nf2+ 35. Kg1 Rh1# 0-1

[Event "*** Qualifier 2: Titled Tuesday 3|2 Blitz"]
[Site "Chess.com"]
[Date "2017.04.11"]
[Round "5"]
[White "XDPS"]
[Black "GM_Splinter"]
[Result "1-0"]
[WhiteElo "2570"]
[BlackElo "2360"]
[TimeControl "180+2"]
[EndTime "14:04:12 PDT"]
[Termination "XDPS won by resignation"]

1. d4 f5 2. g3 Nf6 3. Bg2 g6 4.
Nh3 Bg7 5. O-O O-O 6. c4 Nc6 7. Nc3 d6 8. d5 Ne5 9. b3 c6 10. Bb2 Bd7 11. Rc1 Qe8 12. Re1 Nh5 13. e3 h6 14. Nf4 Nf6 15. Ba3 g5 16. Nfe2 c5 17. Bb2 Qh5 18. Rc2 Nf3+ 19. Bxf3 Qxf3 20. Nc1 Qxd1 21.
Rxd1 f4 22. exf4 gxf4 23. N3e2 fxg3 24. hxg3 Bf5 25. Rcd2 Ne4 26. Bxg7 Kxg7 27. Rb2 Bg4 28. Nd3 Rf7 29. Ndf4 Rxf4 30. gxf4 Kf6 31. Re1 Rg8 32. Ng3 Bf3 33. Kh2 Rg4 34. Nxe4+ 1-0

[Event "*** Qualifier 2: Titled Tuesday 3|2 Blitz"]
[Site "Chess.com"]
[Date "2017.04.11"]
[Round "5"]
[White "Bigfish1995"]
[Black "Marcus_Harvey"]
[Result "0-1"]
[WhiteElo "2643"]
[BlackElo "2523"]
[TimeControl "180+2"]
[EndTime "14:04:14 PDT"]
[Termination "Marcus_Harvey won by resignation"]

1. e4 e6 2. d4 d5 3. Nc3 Nf6 4.
e5 Nfd7 5. Nce2 c5 6. c3 Nc6 7. f4 b5 8. Nf3 Qb6 9. Ng3 g6 10.
Be3 a5 11. Be2 b4 12. O-O Ba6 13. Bxa6 Qxa6 14. cxb4 axb4 15. a3 c4 16. axb4 Qxa1 17. Qxa1 Rxa1 18. Rxa1 Bxb4 19. Ra8+ Ncb8 20. Ne2 O-O 21.
g4 Rc8 22. f5 gxf5 23. gxf5 Nb6 24. Ra1 exf5 25. Kf2 Kf8 26. Nh4 f4 27. Nxf4 c3 28. bxc3 Bxc3 29. Nf5 Bxa1 30. Nh5 Rc2+ 31. Kg1 Ke8 32.
Nd6+ Kd7 33. Nxf7 Nc4 34. Bf2 Nc6 35. Nf6+ Ke7 36. Ng5 Bxd4 37. Nxd5+ Ke8 38. Nc7+ Kd7 0-1